[Event "Silver Lake Festival 2022"]
[Site "Veliko Gradiste"]
[Date "2022.06.23"]
[Round "6.3"]
[White "Song, Raymond"]
[Black "Zanan, Evgeny"]
[Result "1-0"]
[ECO "B51"]
[WhiteElo "2485"]
[BlackElo "2534"]
[Annotator "TA"]
[PlyCount "77"]
[EventDate "2022.06.16"]
[EventType "swiss"]
[EventCountry "SRB"]
[SourceTitle "playchess.com"]
[Source "ChessBase"]
[SourceQuality "1"]
[TimeControl "5400+30"]

1. e4 c5 2. Nf3 d6 3. Bb5+ Nd7 4. a4 Ngf6 5. Nc3 e6 6. d4 {[%emt 0:00:18] B51: Sicilian: Moscow Variation (3 Bb5+) without 3...Bd7.} cxd4 7. Qxd4 a6 8. Be2 {[%emt 0:02:05] The position is equal.} b6 9. O-O Bb7 10. Rd1 Qc7 11. Be3 Be7 12. Nd2 $1 O-O 13. Nc4 d5 14. exd5 Nxd5 15. Nxd5 Bxd5 16. Bf4 Qb7 17. Nd6 Bxd6 (17... Qc6 18. Nf5 $1 exf5 19. Qxd5 Qxd5 20. Rxd5 $16) 18. Bxd6 Rfc8 19. Ra3 {[%emt 0:00:05] Threatens to win with c4.} Qc6 {[%emt 0:06:27] [#] Prevents c4.} 20. Rg3 $1 g6 21. Bf4 {[%emt 0:05:57] Black must now prevent Bh6. A strong pair of Bishops.} (21. Bb4 $5 Qxc2 22. Bf1 $11 (22. Bc3 $2 Rxc3 23. Rxc3 Qxe2 $19)) 21... Qxc2 22. Bh6 f6 {[%emt 0:00:09] [#]} 23. Bf1 $146 ({Predecessor:} 23. Re1 Qe4 24. Qd1 Qc2 25. Qd4 Qe4 26. Qd1 Qc2 27. Qa1 Ne5 28. h4 Nf7 29. Be3 {1-0 (42) Carlsen,M (2863)-Wei,Y (2732) chess24.com INT 2020}) 23... Kf7 24. h4 Qc5 25. Qg4 Ne5 26. Qf4 Qc2 27. Re1 {[%emt 0:03:05] Hoping for Rxe5.} Qf5 28. Qd4 Nc6 29. Qxb6 a5 30. Bd2 (30. Qb7+ Ne7 31. Qd7 Rc2 $15) 30... Rab8 31. Qa6 Ra8 32. Qe2 ({Reject} 32. Qb7+ Ne7 33. Qd7 (33. Qb6 Rab8 $11) 33... e5 34. Qxf5 (34. Bb5 Qxd7 35. Bxd7 Rd8 $15) 34... Nxf5 $11) 32... Nb4 ({Black should try} 32... Ne5 $14) 33. Qe3 (33. Bxb4 $16 axb4 34. Qd2) 33... Kg8 $2 {[%emt 0:00:01][%mdl 8192] [#] Black cannot hold the game after this.} (33... Nc2 $1 $14 34. Qh6 Qh5 35. Qxh5 gxh5) 34. Qh6 $1 $18 {[%emt 0:00:46] aiming for Bxb4.} Rc2 35. h5 {[%emt 0:01:08] White is clearly winning.} g5 {[%emt 0:00:46] [#]} (35... Ra7 $142 36. hxg6 Rg7 37. gxh7+ Qxh7 38. Qxh7+ Kxh7) 36. Bxg5 $1 Qxf2+ 37. Kh2 {[%emt 0:00:03][%cal Oe1e3] White wants to mate with Ree3!} Qxe1 38. Bxf6+ {[%emt 0:01:05][%mdl 64] Discovered Attack} Qxg3+ 39. Kxg3 {[%emt 0:00:04] Weighted Error Value: White=0.04 (flawless) /Black=0.25 (precise)} 1-0

[Event "Silver Lake Festival 2022"]
[Site "Veliko Gradiste"]
[Date "2022.06.23"]
[Round "6.4"]
[White "Mamedov, Edgar"]
[Black "Strikovic, Aleksa"]
[Result "0-1"]
[ECO "A21"]
[WhiteElo "2004"]
[BlackElo "2502"]
[Annotator "TA"]
[PlyCount "118"]
[EventDate "2022.06.16"]
[EventType "swiss"]
[EventCountry "SRB"]
[SourceTitle "playchess.com"]
[Source "ChessBase"]
[SourceQuality "1"]
[TimeControl "5400+30"]

1. d4 d6 2. c4 e5 3. Nf3 e4 4. Ng5 f5 5. Nc3 Be7 6. Nh3 Nf6 7. e3 O-O 8. Be2 c6 9. O-O Na6 {[%emt 0:12:30] A21: English Opening: 1...e5 2 Nc3.} 10. Bd2 Nc7 11. Qb3 Kh8 {[%emt 0:23:30] The position is equal.} 12. d5 Nd7 {[%emt 0:07:17] [#]} 13. Rad1 $146 ({Predecessor:} 13. Nf4 Ne5 14. Rad1 Bf6 15. Nh5 Bg5 16. f4 exf3 17. gxf3 Bh4 18. f4 Ng4 19. Bxg4 fxg4 20. Be1 Bxe1 21. Rfxe1 {½-½ (21) Nicolenco,S (2075)-Orsolic,M (2136) LSS email 2011}) 13... Ne5 14. f3 exf3 15. gxf3 Qe8 16. f4 (16. Nf4 $11) 16... Ng4 17. Bf3 (17. Bxg4 $11 fxg4 18. Ng5) 17... Qh5 $17 18. Bg2 cxd5 $1 19. cxd5 Na6 $1 20. Qc4 Bd7 21. b4 Rac8 22. Qb3 Bf6 (22... Nc7 $142 23. Rc1 Bh4) 23. Rc1 (23. Ne2 $142) 23... h6 24. a4 Qe8 (24... Bd8 $17) 25. Nb5 Rxc1 26. Rxc1 Bxb5 27. axb5 Qxb5 28. Nf2 (28. Bf1 $17 Qb6 29. Be2) 28... Nxf2 $2 (28... Qe2 $19 29. Nxg4 Qxd2) 29. Kxf2 $15 Nc5 30. Qc4 $11 Nd3+ 31. Kf1 a6 32. Qxb5 axb5 33. Rc7 Ra8 {[%emt 0:00:02] And now ...Ra2 would win.} 34. Ke2 Nb2 35. Rxb7 (35. Be1 $1 $15) 35... Nc4 $17 {[%emt 0:00:40] Hoping for ...Ra2.} 36. Be1 ({Don't go for} 36. Rxb5 $2 Ra2 37. Kd3 (37. Rb8+ $2 Kh7 $19) 37... Nxd2 $19) 36... Ra3 37. Bf2 Ra2+ 38. Kf3 g5 {[%emt 0:00:28][%cal Bg7g5,Bg5g4][%mdl 32] Against h4. Black is more active.} 39. Rf7 (39. h3 $17) 39... g4+ $1 $19 40. Kg3 {[%emt 0:00:06] [#]} Bh4+ 41. Kxh4 {[%emt 0:00:05] Threatens to win with Kg3.} Rxf2 {[%emt 0:00:03][%mdl 4096] Endgame KRB-KRN} 42. Kg3 Re2 43. Bf1 Rxe3+ 44. Kg2 Re4 {[%emt 0:00:45] Strongly threatening ...Ne3+.} 45. Bxc4 (45. Kg3 {is a better defense.}) 45... bxc4 {[%emt 0:00:25] KR-KR} 46. Rc7 c3 (46... Rd4 $17 47. Kg3 Rd3+ 48. Kg2 Rd4) 47. Rxc3 $15 Rxb4 48. Rc6 (48. Kg3 $1 $15) 48... Rxf4 $17 {[%emt 0:00:02] aiming for ...Kg7.} 49. Rxd6 Kg7 {[%emt 0:00:02] White must now prevent ...h5.} 50. Re6 (50. Ra6 $17 {was worth a try.}) 50... Rd4 $19 51. d6 (51. Kg3) 51... f4 52. h3 h5 53. hxg4 hxg4 54. Kf2 {[%emt 0:00:21] [#]} Kf7 $1 55. Rh6 {[%emt 0:00:38] [#]} g3+ $1 {[%emt 0:02:17] Black mates.} 56. Ke2 g2 57. Kf2 Rd2+ 58. Kg1 f3 59. Kh2 Rd1 {[%emt 0:00:11] Weighted Error Value: White=0.69/Black=0.15 (very precise)} 0-1

[Event "Silver Lake Festival 2022"]
[Site "Veliko Gradiste"]
[Date "2022.06.23"]
[Round "6.5"]
[White "Damljanovic, Branko"]
[Black "Manish Anto Cristiano F"]
[Result "1/2-1/2"]
[ECO "A28"]
[WhiteElo "2469"]
[BlackElo "2071"]
[Annotator "TA"]
[PlyCount "105"]
[EventDate "2022.06.16"]
[EventType "swiss"]
[EventCountry "SRB"]
[SourceTitle "playchess.com"]
[Source "ChessBase"]
[SourceQuality "1"]
[TimeControl "5400+30"]

1. c4 e5 2. Nc3 Nf6 3. Nf3 Nc6 4. a3 d5 5. d4 exd4 6. Nxd4 Ne5 {[%emt 0:08:19] A28: English Opening: Four Knights Variation.} 7. cxd5 Nxd5 8. Ndb5 Nxc3 {[%emt 0:01:26][%csl Gc3][%cal Rd8d1] [#]} 9. Qxd8+ Kxd8 10. Nxc3 Be6 11. Bf4 Bd6 {[%emt 0:00:29][%cal Oe5d3] [#]} 12. e3 $146 ({Predecessor:} 12. g3 Nc4 13. O-O-O Ke7 14. Nd5+ Bxd5 15. Rxd5 c6 16. Bxd6+ Nxd6 17. Rd3 Rad8 18. Bg2 {½-½ (28) Drogi,G (2234)-Milani,O (2257) IECG email 2003}) 12... Ke7 13. Be2 Nc4 14. Bxc4 Bxc4 15. Bxd6+ Kxd6 16. O-O-O+ Ke7 17. Rd4 Be6 18. Rhd1 Rad8 19. Rxd8 Rxd8 20. Rxd8 Kxd8 $11 {[%emt 0:00:07][%mdl 4096] Endgame KB-KN} 21. b4 Kd7 22. Kd2 c5 23. Kd3 Kc6 24. e4 b6 25. b5+ {[%emt 0:01:28] The position is equal.} Kd6 26. f4 f6 27. g3 Bf7 28. Nd1 Be8 29. a4 Bf7 30. Ne3 Bb3 31. Nc4+ $1 Kc7 32. Nb2 ({Reject} 32. a5 bxa5 33. Nxa5 Ba4 $17) 32... Ba2 33. Kc2 {[%emt 0:05:08] Against Bb1+} Kd6 34. Kc3 Ke7 35. Nc4 Bxc4 36. Kxc4 {[%emt 0:00:02] KP-KP} Ke6 37. Kc3 Kd6 38. Kc4 Ke6 39. Kc3 g5 40. Kc4 Kd6 41. Kc3 Ke6 42. Kc4 Kd6 43. Kc3 Ke6 44. Kc4 h5 45. h4 gxf4 46. gxf4 Kd6 47. Kd3 Ke6 48. Kc3 Kd6 49. Kc4 Ke6 50. Kd3 Kd6 51. Kc4 Ke6 52. Kc3 Kd6 53. Kc4 {[%emt 0:25:06] An even fight not without its subleties.  Weighted Error Value: White=0.04 (flawless) /Black=0.04 (flawless)} 1/2-1/2

[Event "Silver Lake Festival 2022"]
[Site "Veliko Gradiste"]
[Date "2022.06.23"]
[Round "6.6"]
[White "Papaioannou, Dimitrios"]
[Black "Krstulovic, Alex"]
[Result "0-1"]
[ECO "B12"]
[WhiteElo "2078"]
[BlackElo "2413"]
[Annotator "TA"]
[PlyCount "78"]
[EventDate "2022.06.16"]
[EventType "swiss"]
[EventCountry "SRB"]
[SourceTitle "playchess.com"]
[Source "ChessBase"]
[SourceQuality "1"]
[TimeControl "5400+30"]

1. e4 c6 2. d4 d5 3. e5 c5 4. Nf3 Nc6 5. c4 cxd4 6. Nxd4 {[%emt 0:00:09] B12: Caro-Kann: Advance Variation.} e6 7. Nc3 Bc5 8. Nxc6 {[%emt 0:02:05] White is slightly better.} bxc6 9. Qg4 Kf8 {[%emt 0:22:29] [#]} (9... Ne7 $11 {deserves consideration.}) 10. Qg3 $146 (10. Bd3 $1 $14 {feels stronger.}) ({Predecessor:} 10. Bd3 Ne7 11. O-O Ng6 12. Re1 Qh4 13. Qxh4 Nxh4 14. Bd2 Ng6 15. Na4 Be7 16. cxd5 cxd5 {1-0 (26) Najer,E (2653)-Yevseev,D (2580) Sochi 2006}) 10... Ne7 11. cxd5 exd5 12. Bd3 $1 Nf5 13. Qg5 (13. Bxf5 $11 Bxf5 14. O-O) 13... Qxg5 $15 14. Bxg5 Rb8 15. Rc1 (15. Na4 $11 {remains equal.} Bb4+ 16. Kf1) 15... Rxb2 $17 16. Nd1 Bb4+ 17. Kf1 Rxa2 {[%emt 0:00:10] Black is more active.} 18. Rxc6 {[%emt 0:00:16][%cal Rc6c8] [#]} Be6 $36 {[%emt 0:00:31][%mdl 2048] White is under strong pressure.} 19. Rc7 h6 20. Rb7 $2 ({White should try} 20. g4 $15 Ne7 21. Bxe7+ Bxe7 22. Bf5) 20... hxg5 $19 21. Rxb4 {[%emt 0:01:45] Strongly threatening Rb8+.} g6 22. Bxf5 (22. Bb1 {was called for.} Ra1 23. Ke2) 22... gxf5 ({But not} 22... Bxf5 $2 23. Rb2 Ra1 24. Rd2 $19) 23. h4 Kg7 24. g3 Rd2 25. Ke1 Rc2 26. Kf1 Rd2 27. Ke1 Rc2 (27... a5 $142 {White must now prevent ...Rxd1+.} 28. Kxd2 axb4) 28. Kf1 $1 g4 29. Rd4 Rb8 30. Kg2 Re2 31. Rf1 $2 (31. Nc3 Rxe5 32. Rhd1) 31... Rb3 32. Ra4 (32. Kg1 $142 Re4 33. Rxe4 fxe4 34. Ne3) 32... Rxe5 33. Rxa7 $2 (33. Ne3) 33... d4 {[%emt 0:00:06] [#] aiming for ...Re2. Black is clearly winning.} 34. Kh2 (34. Ra4 $142 Re4 35. Rg1) 34... Re2 {[%emt 0:01:22] ...Rd3 is the strong threat.} 35. Ra5 Rd2 36. Kg2 Kf6 37. Rc5 Bd7 {[%emt 0:00:27] Hoping for ...Bb5.} 38. Rc7 Bb5 39. Re1 Be2 {[%emt 0:00:07] Weighted Error Value: White=0.82/Black=0.37} (39... Rb1 $142 40. Rc8 Rdxd1 41. Rxd1 Rxd1) 0-1

[Event "Silver Lake Festival 2022"]
[Site "Veliko Gradiste"]
[Date "2022.06.23"]
[Round "6.7"]
[White "Creanga, Robert-Ionut"]
[Black "Ramoutar, Alan-Safar"]
[Result "0-1"]
[ECO "D45"]
[WhiteElo "2201"]
[BlackElo "2477"]
[Annotator "TA"]
[PlyCount "56"]
[EventDate "2022.06.16"]
[EventType "swiss"]
[EventCountry "SRB"]
[SourceTitle "playchess.com"]
[Source "ChessBase"]
[SourceQuality "1"]
[TimeControl "5400+30"]

1. d4 d5 2. c4 e6 3. Nf3 Nf6 4. Nc3 c6 5. e3 a6 6. Qc2 c5 7. cxd5 exd5 8. dxc5 {[%emt 0:10:17] D45: Semi-Slav: 5 e3.} Bxc5 9. a3 O-O 10. Bd3 {[%emt 0:03:00] The position is equal.} Nc6 {[%emt 0:00:32] [#]} 11. h3 $146 ({Predecessor:} 11. Ne2 Qe7 12. h3 Bd6 13. O-O Ne5 14. Ned4 Nxd3 15. Qxd3 Ne4 16. b3 Qf6 17. Rd1 {½-½ (30) Obgolts,E (2417)-Grebnev,A (2373) Sochi 2021}) 11... Be6 12. Ne2 Ba7 13. b4 Rc8 {[%emt 0:00:28][%cal Oc6b4] ...Nxb4! is the strong threat.} 14. Qb1 d4 15. e4 {[%emt 0:12:17] Prevents Bd5.} ({White should try} 15. Nexd4 $11 Bxd4 16. Nxd4) 15... Nd7 $15 16. Ng5 $2 (16. Bf4 $15) 16... Nce5 $19 17. Nxe6 Nxd3+ $2 (17... fxe6 $19 {has better winning chances.} 18. O-O Nxd3 19. Qxd3 Ne5) 18. Qxd3 $17 Ne5 19. Qg3 (19. Nxd8 $2 Nxd3+ 20. Kf1 (20. Kd2 $2 Nxf2 21. Nxb7 Nxe4+ 22. Ke1 Rfe8 $19) 20... Rfxd8 $19) 19... fxe6 20. Qxe5 {[%emt 0:04:25] Threatens to win with 0-0.} d3 $1 21. Nf4 Rf6 (21... Bd4 $1 $17 22. Qxe6+ Kh8) 22. Be3 $14 (22. Nxe6 $2 Bxf2+ 23. Kd2 (23. Kd1 $2 Qe8 $19) 23... Rc2+ 24. Kd1 Qe8 $19) 22... Bb8 (22... d2+ $1 $14 23. Ke2 (23. Bxd2 Bd4 $15) 23... Bb8) 23. Qg5 $16 {[%emt 0:00:38] aiming for 0-0.} d2+ 24. Ke2 ({White has to play} 24. Bxd2 $16 Qxd2+ 25. Kxd2 Bxf4+ 26. Qxf4 $3 Rxf4 27. Ke3) 24... Bxf4 $11 25. Bxf4 Qd4 $40 {[%emt 0:02:03][%mdl 128] Hoping for ...Rc2. Black is up to no good. Dancing on a razor blade.} 26. Qe5 $2 ({Reject} 26. f3 Rg6 27. Qxg6 hxg6 $17) (26. Rhd1 $11 Qc4+ 27. Kxd2 Qxe4 {[#]} 28. Rac1 $1 Rxc1 29. Rxc1 (29. Kxc1 Rxf4 30. Rd8+ Rf8 $11) 29... Rxf4 30. Rc8+ Rf8 31. Rxf8+ Kxf8 32. Qc5+ Kf7 33. Qc7+ Kf6 34. Qc3+ e5 35. g3) 26... d1=Q+ $1 {[%emt 0:01:20] Black mates.} 27. Raxd1 Rc2+ 28. Kf3 Qxe5 {[%emt 0:00:55] Quite a comeback for Black.  Weighted Error Value: White=0.58/Black=0.24 (precise)} 0-1

[Event "Silver Lake Festival 2022"]
[Site "Veliko Gradiste"]
[Date "2022.06.23"]
[Round "6.8"]
[White "Tyurin, Artem"]
[Black "Radovanovic, Nikola"]
[Result "0-1"]
[ECO "E90"]
[WhiteElo "2174"]
[BlackElo "2423"]
[Annotator "TA"]
[PlyCount "76"]
[EventDate "2022.06.16"]
[EventType "swiss"]
[EventCountry "SRB"]
[SourceTitle "playchess.com"]
[Source "ChessBase"]
[SourceQuality "1"]
[TimeControl "5400+30"]

1. c4 Nf6 2. Nc3 g6 3. e4 d6 4. d4 Bg7 5. Nf3 O-O 6. h3 e5 7. d5 a5 8. Be3 Na6 9. g4 Nd7 {[%emt 0:00:33] E90: King's Indian: Classical: Early deviations and 6 h3.} 10. a3 Nb6 11. Rg1 Bd7 {[%emt 0:05:34] White is slightly better. 11...Kh8 injects fresh life into this line.} 12. Nd2 Nc5 13. b3 c6 14. Be2 (14. b4 $14 Na6 15. bxa5) 14... Kh8 $11 {[%emt 0:06:03] [#]} 15. h4 $146 ({Predecessor:} 15. b4 Nca4 16. Nxa4 Nxa4 17. Rc1 axb4 18. axb4 f5 19. gxf5 gxf5 20. exf5 Bxf5 21. Qb3 {½-½ (47) Meskovs,N (2550)-Zwirs,N (2380) Amsterdam 2019}) 15... cxd5 (15... Qxh4 {is more complex.} 16. g5 cxd5 17. Nf3 Qh3) 16. cxd5 f5 17. h5 (17. exf5 $11 {keeps the balance.} gxf5 18. gxf5) 17... fxg4 $17 18. hxg6 Qh4 {[%emt 0:01:17] Prevents Rh1.} 19. Qc2 $2 (19. Bb5 $17 Qh2 20. Ke2) 19... Bh6 $19 (19... hxg6 20. O-O-O Kg8 21. Kb1 $16) 20. O-O-O Bxe3 (20... hxg6 $2 21. Rh1 Qf6 22. Bxh6 $18) 21. fxe3 h5 (21... Rf2 22. Rh1 Rh2 23. Rxh2 Qxh2 24. Kb2 $17) 22. Nf1 (22. Kb1 $142) 22... Kg7 23. Ng3 Qg5 {[%emt 0:00:25] Threatens to win with ...h4.} ({Don't go for} 23... Kxg6 $2 24. Bb5 $19) 24. Kb2 (24. Kb1 {was the only chance.}) 24... Kxg6 {[%emt 0:06:46] Strongly threatening ...Rac8.} 25. Rh1 Rh8 (25... Qxe3 $19 {has better winning chances.} 26. Nf5 Rxf5 27. exf5+ Bxf5) 26. Bb5 $17 Qxe3 {[%emt 0:07:46] Active counter play!} 27. Bxd7 Qxg3 ({Reject} 27... Nbxd7 $6 28. Nf5 Qg5 29. Nb5 $15) 28. Bf5+ Kf6 {[%emt 0:00:33] aiming for ...a4.} 29. Rhg1 (29. Rdf1 $17) 29... Qe3 $1 $19 30. Rge1 Qg5 31. Nb5 Ke7 32. Rc1 {[%emt 0:01:23] [#]} (32. Qe2 {is a better defense.}) 32... Rac8 $1 {[%emt 0:00:35][%cal Oc5a4] ...Nca4+! is the strong threat.} 33. Qe2 {[%emt 0:01:00] [#]} g3 $1 {[%emt 0:00:56][%cal Oh5h4] And now ...h4! would win.} 34. Rf1 $2 {[%emt 0:00:58] [#]} (34. Red1) (34. Rg1 Ncd7) 34... h4 $1 35. Bxc8 (35. Bh3 g2) 35... Rxc8 36. Qf3 {[%emt 0:00:24] Qf7+ would kill now.} Qd2+ (36... Qf4 $142 37. Qe2 Qg5) 37. Rc2 {[%emt 0:00:42] Threatening mate with Qf6+.} Qf4 {[%emt 0:00:37] Inhibits Qf6+. Dancing on a razor blade.} (37... Nd3+ $2 38. Ka1 Qe1+ 39. Rxe1 $18) 38. Qxf4 (38. Qe2 Qg5 39. b4 (39. Qf3 $2 Qg6 $19) 39... axb4 40. axb4) 38... Nd3+ {[%emt 0:00:32] Weighted Error Value: White=0.63/Black=0.43} 0-1

[Event "Silver Lake Festival 2022"]
[Site "Veliko Gradiste"]
[Date "2022.06.23"]
[Round "6.9"]
[White "Tadic, Stefan"]
[Black "Petrovic, Dragan R"]
[Result "0-1"]
[ECO "B30"]
[WhiteElo "2358"]
[BlackElo "2143"]
[Annotator "TA"]
[PlyCount "102"]
[EventDate "2022.06.16"]
[EventType "swiss"]
[EventCountry "SRB"]
[SourceTitle "playchess.com"]
[Source "ChessBase"]
[SourceQuality "1"]
[TimeControl "5400+30"]

1. e4 c5 2. Nf3 e6 3. d3 Nc6 4. g3 d6 5. Bg2 Nf6 6. O-O Be7 7. c3 O-O 8. Re1 e5 9. h3 {[%emt 0:09:44] B30: Sicilian: 2...Nc6 3 Bb5, lines without ...g6.} h6 {[%emt 0:02:24] [#]} 10. Nh4 $146 ({Predecessor:} 10. d4 Re8 11. dxe5 dxe5 12. Qe2 Bf8 13. a4 b6 14. Na3 Na5 15. Nd2 Bb7 16. Nac4 Ba6 {½-½ (68) Perez,M (2417)-Kamsky,G (2674) Chess.com INT 2020}) 10... Re8 11. Qf3 {[%emt 0:02:07] The position is equal.} Bf8 12. Nf5 Bxf5 13. Qxf5 g6 14. Qf3 Bg7 15. Na3 Nh7 16. Nc2 Qd7 17. Kh2 Rf8 18. h4 Ne7 19. Ne3 Qc6 20. Qd1 Rab8 21. a4 Qa6 22. Ra3 Kh8 23. Nc4 Rbd8 24. f4 ({Better is} 24. b4 $16 {Threatens to win with b5.} Qc6 25. Kg1) 24... exf4 $11 25. Bxf4 d5 $1 26. exd5 Nxd5 27. Bc1 Nhf6 28. Qf3 Rfe8 29. Ne5 (29. Rxe8+ $11 Rxe8 30. Bd2) 29... Kg8 {[%emt 0:03:26] ...h5 is the strong threat.} 30. d4 $1 cxd4 31. cxd4 Nb4 {[%emt 0:01:10] And now ...Nc2 would win. Pair of Knights!} 32. Qb3 {[%emt 0:02:26] Prevents Nc2. White is on the road to losing.} (32. Bf1 $11 Qe6 33. Bc4 Ng4+ 34. Nxg4 Qxc4 35. Rc3 Qxd4 36. Rxe8+ Rxe8 37. Bxh6) 32... Ng4+ $1 $19 33. Nxg4 (33. Kh1 $17 Bxe5 34. dxe5) 33... Rxe1 34. Bd2 {[%emt 0:00:01] [#]} (34. Bxh6 Rxd4 35. Qc3) 34... Re2 $1 {[%emt 0:00:36] Black is clearly winning.} 35. Bxb4 Rxd4 36. Ne3 {[%emt 0:01:43] [#]} Rxb2 $3 37. Qxb2 {[%emt 0:00:15] [#]} Rxh4+ $3 {[%emt 0:00:04][%mdl 576] Discovered Attack} 38. gxh4 Bxb2 39. Rb3 Be5+ 40. Kh1 Qe2 41. a5 Bd4 {[%emt 0:01:25] Against Bc5} 42. Nf1 Qf2 43. Kh2 Qxh4+ 44. Bh3 Qf2+ 45. Bg2 Be5+ 46. Kh1 Qh4+ 47. Bh3 g5 {[%emt 0:01:00][%cal Bg6g5,Bg5g4][%mdl 32] Hoping for ...g4.} 48. Re3 f6 {[%emt 0:01:19] aiming for ...g4.} 49. Be1 Qh5 {[%emt 0:00:27] White must now prevent ...g4.} 50. Bc3 Bf4 51. Rd3 g4 {[%emt 0:00:24] Weighted Error Value: White=0.63/Black=0.17 (very precise)} 0-1

[Event "Silver Lake Festival 2022"]
[Site "Veliko Gradiste"]
[Date "2022.06.23"]
[Round "6.10"]
[White "Markovic, Zoran S"]
[Black "Shoshin, Kirill"]
[Result "1/2-1/2"]
[ECO "B12"]
[WhiteElo "2313"]
[BlackElo "1938"]
[Annotator "ChessBase"]
[PlyCount "29"]
[EventDate "2022.06.16"]
[EventType "swiss"]
[EventCountry "SRB"]
[SourceTitle "playchess.com"]
[Source "ChessBase"]
[SourceQuality "1"]
[TimeControl "5400+30"]

1. e4 c6 2. d4 d5 3. e5 Bf5 4. Nc3 e6 5. g4 Bg6 6. Nge2 c5 7. h4 h5 8. Nf4 Bh7 9. Nxh5 Nc6 10. dxc5 Bxc5 11. Bb5 Qc7 12. Bxc6+ Qxc6 13. Qf3 O-O-O 14. Nxg7 Ne7 15. Bg5 1/2-1/2

[Event "Silver Lake Festival 2022"]
[Site "Veliko Gradiste"]
[Date "2022.06.23"]
[Round "6.11"]
[White "Efremov, Vladislav"]
[Black "Lazic, Emanuel"]
[Result "1/2-1/2"]
[ECO "A54"]
[WhiteElo "2125"]
[BlackElo "2185"]
[Annotator "TA"]
[PlyCount "49"]
[EventDate "2022.06.16"]
[EventType "swiss"]
[EventCountry "SRB"]
[SourceTitle "playchess.com"]
[Source "ChessBase"]
[SourceQuality "1"]
[TimeControl "5400+30"]

1. d4 Nf6 2. c4 d6 3. Nf3 Nbd7 4. Nc3 e5 5. Bg5 Be7 6. Qc2 O-O 7. e3 c6 8. O-O-O Ne8 {[%emt 0:05:46] A54: Old Indian Defence with Nf3, but without e4.} (8... h6 $11 9. Bh4 exd4 10. Nxd4 Nc5) 9. h4 $14 {[%emt 0:04:26] [#] Strongly threatening dxe5. 0x0.00207b530d4ddp-1022s more active pieces.} Bxg5 $146 (9... exd4 $1 $14 10. Nxd4 Ne5) ({Predecessor:} 9... f6 10. Bd3 h6 11. Bxh6 gxh6 12. Bh7+ Kh8 13. Qg6 Nc7 14. Bg8 Rf7 15. Bxf7 Qf8 16. Rh3 Nb6 17. Rg3 Be6 18. Bxe6 Nxe6 19. dxe5 Nxc4 20. Qg4 b5 21. Qxe6 dxe5 22. Rd7 {1-0 (22) Mekhitarian,K (2498)-Fontoura,R (1983) Sete Lagoas 2011}) 10. hxg5 $18 (10. Nxg5 Nef6 $11) 10... g6 {[%emt 0:04:38] White has a decisive advantage.} 11. dxe5 dxe5 12. Qe4 {[%emt 0:03:57] Hoping for Qh4.} ({Don't take} 12. Nxe5 $6 Qe7 $16) 12... Qe7 {[%emt 0:09:02] [#]} 13. Qh4 $1 f5 14. gxf6 ({White has to play} 14. c5 $1 $18 e4 15. Nd4) 14... Nexf6 $16 15. Ne4 {[%emt 0:02:03][%cal Oc4c5] Threatens to win with c5!} Rf7 {[%emt 0:03:45] [#]} 16. Bd3 (16. Nfg5 $1 $18 {and White stays clearly on top.} Nxe4 17. Nxf7 (17. Nxe4 Qxh4 18. Rxh4 Nf6 $16) 17... Qxh4 18. Rxh4) 16... Nxe4 17. Bxe4 Qxh4 18. Rxh4 Re7 19. Ng5 Nf6 $1 20. Rd6 Kg7 21. Bc2 Bf5 22. Bxf5 gxf5 23. Ne6+ (23. Rh3 $5 ) 23... Kf7 24. Ng5+ Kg7 25. Ne6+ {[%emt 0:00:08] White really could win this.  Weighted Error Value: White=0.21 (precise) /Black=0.16 (very precise)} ({White should play} 25. Rh3 $14) 1/2-1/2